 Dungeon Crawl Stone Soup version 0.15.0-27-gbdb0435 (console) character file.

137 gw the Skirmisher (level 5, 0/41 HPs)
             Began as a Mummy Chaos Knight on Sept 11, 2014.
             Was a Plaything of Xom.
             Killed from afar by Sigmund (4 damage)
             ... with a puff of flame
             ... on Level 3 of the Dungeon.
             The game lasted 00:01:46 (2472 turns).

gw the Skirmisher (Mummy Chaos Knight)              Turns: 2472, Time: 00:01:46

HP   0/41        AC 16     Str 15      XL: 5   Next:  0%
MP   5/5         EV  0     Int 11      God: Xom
Gold 0           SH  0     Dex 12      Spells:  0 memorised,  4 levels left

rFire  x . .     SeeInvis .     a - +1 mace (chaos)
rCold  + . .     Clarity  .     b - +0 crystal plate armour
rNeg   + + +     rCorr    .     (no shield)
rPois  +         rRot     +     (no helmet)
rElec  .         Spirit   .     (no cloak)
SustAb .         Warding  .     (no gloves)
rMut   .         Stasis   .     c - +0 pair of boots
Gourm  .                        (no amulet)
MR     .....                    (no ring)
                                (no ring)

@: confused, petrifying, very slow, not resistant to hostile enchantments,
extremely unstealthy
A: no food or potions, fire vulnerability, restore body, cold resistance 1,
negative energy resistance 3, poison resistance, torment resistance, unbreathing
a: Renounce Religion


You were on level 3 of the Dungeon.
You worshipped Xom.
You were a special plaything of Xom.
You were not hungry.

You visited 1 branch of the dungeon, and saw 3 of its levels.

Inventory:

Hand weapons
 a - a +1 mace of chaos (weapon)
Missiles
 d - 81 stones (quivered)
Armour
 b - a +0 crystal plate armour (worn)
 c - a +0 pair of boots (worn)
Scrolls
 e - a scroll of recharging {unknown}
 f - 4 scrolls of identify


   Skills:
 + Level 3.6 Fighting
 * Level 3.4 Maces & Flails
 + Level 1.7 Throwing
 + Level 2.3 Armour
 - Level 0.7 Dodging


You had 4 spell levels left.
You didn't know any spells.

Dungeon Overview and Level Annotations

Branches:
Dungeon (3/15)

Altars:
Qazlal
Vehumet

Annotations:
D:3 Sigmund


Innate Abilities, Weirdness & Mutations

You do not eat or drink.
Your flesh is vulnerable to fire.
Your flesh is cold resistant.
You are immune to negative energy.
Your system is resistant to poisons.
You are immune to unholy pain and torment.
You can survive without breathing.


Message History

Your crystal plate armour prevents you from hitting something.
Something hits you but does no damage.
ATTACK MOVE TO (1,-1)
You miss something. Something hits you.
ATTACK MOVE TO (1,-1)
Your crystal plate armour prevents you from hitting something.
You hear Xom's maniacal laughter.
You are slowing down.
You hear some strange, mumbled words.
You are confused.
Something hits you!
ATTACK MOVE TO (1,-1) Ouch!
You hear some strange, mumbled words.
The puff of flame hits you!
You hear some strange, mumbled words.
The puff of flame hits you! The fire burns you terribly!
Xom roars with laughter!
You die... "Boring in life, boring in death..."

#.# #.#...#.# ...
#.#.....# # #.# #.#.....#
# #.# #.#.....# ###.#
###.# ##'#...#.# ....
.##.# #......#.# ...
.##.###......#.###.#
......'........<...####.#
#.#.###......#.#M.......#
#.#.# #........#######..#
#...# ######.... ##..#
...... #..# ###..#.. #..#
... .. ##.# ..#. ..# . .
.


There were no monsters in sight!

Table legend:
 A = Turns spent in this place as a percentage of turns spent in the entire game.
 B = Non-inter-level travel turns spent in this place as a percentage of non-inter-level travel turns spent in the entire game.
 C = Inter-level travel turns spent in this place as a percentage of turns spent in this place.
 D = Turns resting spent in this place as a percentage of non-inter-level travel turns spent in this place.
 E = Turns spent auto-exploring this place as a percentage of non-inter-level travel turns spent in this place.
 F = Non-inter-level travel turns spent in this place divided by the number of levels of this place that you've seen.
                   A       B       C       D       E      F
               +-------+-------+-------+-------+-------+----------------------
         Total | 100.0 | 100.0 |   0.2 |   5.2 |  10.4 | 318.0
       Dungeon | 100.0 | 100.0 |   0.2 |   5.2 |  10.4 | 318.0
               +-------+-------+-------+-------+-------+----------------------

Table legend:
 A = Kills in this place as a percentage of kills in entire the game.
 B = Kills by you in this place as a percentage of kills by you in the entire game.
 C = Kills by friends in this place as a percentage of kills by friends in the entire game.
 D = Other kills in this place as a percentage of other kills in the entire game.
 E = Experience gained in this place as a percentage of experience gained in the entire game.
 F = Experience gained in this place divided by the number of levels of this place that you have seen.
                   A       B       C       D       E      F
               +-------+-------+-------+-------+-------+----------------------
         Total | 100.0 | 100.0 |  -nan |  -nan | 100.0 |  65.3
       Dungeon | 100.0 | 100.0 |  -nan |  -nan | 100.0 |  65.3
               +-------+-------+-------+-------+-------+----------------------

Vanquished Creatures
  An eye of draining (shapeshifter) (D:2)
  3 adders (D:2)
  A gnoll (D:1)
  2 giant geckos (D:1)
  An ooze (D:1)
  A ball python (D:2)
  6 bats
  4 giant cockroaches
  5 goblins
  5 hobgoblins
  2 jackals (D:1)
  11 kobolds
  4 giant newts
  5 rats
51 creatures vanquished.

Notes
Turn   | Place    | Note
--------------------------------------------------------------
     0 | D:1      | gw, the Mummy Chaos Knight, began the quest for the Orb.
     0 | D:1      | Reached XP level 1. HP: 18/18 MP: 1/1
    53 | D:1      | XOM: potion effect (agility)
   180 | D:1      | XOM: harmless Hex miscast
   181 | D:1      | XOM: noise
   205 | D:1      | Reached XP level 2. HP: 13/24 MP: 2/2
   360 | D:1      | Reached skill level 1 in Throwing
   460 | D:1      | XOM: confusion (+ monsters)
   685 | D:1      | Reached XP level 3. HP: 18/29 MP: 3/3
  1084 | D:2      | XOM: stealth player
  1271 | D:2      | Found a radiant altar of Vehumet.
  1417 | D:2      | XOM: 3-stop teleportation journey
  1444 | D:2      | XOM: noise
  1549 | D:2      | Reached XP level 4. HP: 35/35 MP: 4/4
  1605 | D:2      | Found a stormy altar of Qazlal.
  1674 | D:2      | Noticed a golden eye
  1674 | D:2      | a worm changed into a golden eye
  1674 | D:2      | XOM: polymorph worm -> golden eye
  1678 | D:2      | a golden eye changed into an eye of draining
  1770 | D:2      | XOM: medium Trmt miscast
  1924 | D:2      | XOM: summons 4 hostile shadow creatures
  2433 | D:3      | Reached XP level 5. HP: 41/41 MP: 5/5
  2457 | D:3      | Noticed Sigmund
  2471 | D:3      | XOM: medium Trmt miscast
  2472 | D:3      | Killed from afar by Sigmund

Action                   |  1- 3 |  4- 6 || total
-------------------------+-------+-------++-------
Melee: Mace              |    75 |    78 ||   153
Throw: Stone             |    84 |    54 ||   138
  Use: Scroll            |     4 |     1 ||     5

Vault maps used:
D:1:      minmay_arrival_plants_in_alcoves
D:2:      nicolae_qazlal_general_emergency, vehumet_altar_wand_db
D:3:      bloody_makhleb, old_standard_altar, roderic_lattice_a, uniq_sigmund
